[Event "Titled Tuesday Blitz March 22 Early 2022"]
[White "Grieve, Harry"]
[Black "Krysa, Leandro"]
[WhiteFideId "426520"]
[BlackFideId "116807"]
[WhiteElo "2294"]
[BlackElo "2490"]
[Result "0-1"]
[Round "05"]
[TimeControl "180+1"]
[Date "2022.03.22"]
[WhiteClock "0:00:03"]
[BlackClock "0:00:05"]

1. e4 e5 2. Nf3 Nf6 3. Nxe5 d6 4. Nf3 Nxe4 5. Nc3 Nxc3 6. dxc3 Nc6 7. Be3 Bf5 8. Qd2 Be7 9. O-O-O Qd7 10. Be2 O-O 11. h4 Rfe8 12. h5 h6 13. Rdg1 Ne5 14. Nd4 Be4 15. f3 Bh7 16. g4 c5 17. Nb3 Qa4 18. Kb1 Nc4 19. Bxc4 Qxc4 20. g5 Bxg5 21. Bxg5 Re2 22. Qxd6 hxg5 23. Rxg5 Rae8 24. Qf6 Bxc2+ 25. Ka1 Bg6 26. Rxg6 fxg6 27. Qxg6 Re1+ 28. Nc1 Qe6 29. Rxe1 Qxe1 30. Qc2 Rd8 31. a4 Qd2 32. Qb3+ Qd5 33. Kb1 Kh8 34. Qc2 Qe5 35. Nd3 Qf5 36. Nf2 Qxc2+ 37. Kxc2 Rf8 38. Ne4 Rxf3 39. Nxc5 Rh3 40. Nxb7 Rxh5 41. c4 g5 42. c5 Rh6 43. b4 g4 44. b5 g3 45. c6 Rh7 46. Nc5 g2 47. Nd7 g1=Q 48. c7 Qh2+ 0-1


[Site "https://www.chess.com"]

[Event "Titled Tuesday Blitz March 22 Early 2022"]
[White "Griffith, Kyron"]
[Black "Demchenko, Anton"]
[WhiteFideId "2046318"]
[BlackFideId "4160258"]
[WhiteElo "2232"]
[BlackElo "2539"]
[Result "1-0"]
[Round "05"]
[TimeControl "180+1"]
[Date "2022.03.22"]
[WhiteClock "0:00:15"]
[BlackClock "0:00:04"]

1. e4 e5 2. Nf3 Nc6 3. Nc3 Nf6 4. d4 exd4 5. Nxd4 Bc5 6. Be3 Bb6 7. Qd2 Ng4 8. Nxc6 dxc6 9. Qxd8+ Kxd8 10. Bxb6 axb6 11. h3 Nh6 12. Bc4 Ke7 13. Bb3 f6 14. O-O-O b5 15. a3 Be6 16. Bxe6 Kxe6 17. f4 Nf7 18. Ne2 Ke7 19. Nd4 g6 20. Rhe1 Rhd8 21. c3 Re8 22. g4 Kf8 23. Kc2 Re7 24. f5 Rae8 25. Ne6+ Kg8 26. h4 Ne5 27. Rg1 Kf7 28. Rg3 Rxe6 29. fxe6+ Kxe6 30. g5 Rf8 31. Rf1 Nd7 32. Rgf3 Ke5 33. R3f2 Rf7 34. b3 h6 35. gxf6 Nxf6 36. Kd3 Rd7+ 37. Kc2 Nxe4 38. Re2 g5 39. hxg5 hxg5 40. Rfe1 Rg7 41. Rxe4+ Kf6 42. Rf1+ Kg6 43. Rg1 Kf5 44. Re2 g4 45. Rf2+ Ke4 46. Kd2 Rd7+ 47. Ke2 Rg7 48. Rf6 c5 49. Rf8 c6 50. Rg3 c4 51. bxc4 bxc4 52. Rd8 c5 53. Rf8 Ke5 54. Ke3 Kd5 55. Rf5+ Kc6 56. Rf4 Kb5 57. Rgxg4 Re7+ 58. Re4 Rh7 59. Rxc4 Rh2 60. Rcf4 Ra2 61. Kd3 Rxa3 62. Rf5 Ra1 63. Rgg5 b6 64. Rf6 Rd1+ 65. Kc2 Rd7 66. Rgg6 Rb7 67. Kb3 Rb8 68. c4+ Ka5 69. Rf7 Ka6 70. Rgg7 b5 71. Rg6+ Rb6 72. Rxb6+ Kxb6 73. Rf6+ Ka5 1-0


[Site "https://www.chess.com"]

[Event "Titled Tuesday Blitz March 22 Early 2022"]
[White "Gubanov, Oleg"]
[Black "Le Ruyet, Leopold"]
[WhiteFideId "14115115"]
[BlackFideId "645923"]
[WhiteElo "2080"]
[BlackElo "2276"]
[Result "1/2-1/2"]
[Round "05"]
[TimeControl "180+1"]
[Date "2022.03.22"]
[WhiteClock "0:00:22"]
[BlackClock "0:00:13"]

1. e4 e6 2. d4 d5 3. Nc3 Bb4 4. Ne2 Nf6 5. e5 Nfd7 6. a3 Be7 7. Be3 c5 8. f4 Nc6 9. Qd2 a6 10. g3 b5 11. Bg2 Bb7 12. O-O g6 13. Kh1 h5 14. dxc5 Nxc5 15. Nd4 Nd7 16. a4 b4 17. Nce2 h4 18. g4 h3 19. Bf3 g5 20. Nxc6 Bxc6 21. Nd4 Bb7 22. f5 Nxe5 23. fxe6 fxe6 24. Nxe6 Qd7 25. Nd4 O-O-O 26. Bxg5 Bxg5 27. Qxg5 Nxf3 28. Rxf3 Rdg8 29. Qf5 Rxg4 30. Qxd7+ Kxd7 31. Rf7+ Kc8 32. Rd1 Re8 33. Rf3 Ree4 34. c3 bxc3 35. bxc3 Rg2 36. Rxh3 Ra2 37. Rh7 Rb2 38. Rg1 Kb8 39. Rf1 Ka7 40. h4 Kb6 41. h5 Kc5 42. Rc7+ Kd6 43. Rg7 Rh4+ 44. Kg1 Rxh5 45. Rg2 Rxg2+ 46. Kxg2 Kc5 47. Rf7 Bc6 48. Rc7 Rh6 49. Kf3 Kb6 50. Rxc6+ Rxc6 51. Nxc6 Kxc6 52. Ke3 Kc5 53. Kd3 a5 54. Kd2 Kc4 55. Kc2 d4 56. cxd4 Kxd4 57. Kb2 Kc4 58. Ka3 Kc3 59. Ka2 Kb4 60. Ka1 Kxa4 61. Ka2 Kb4 62. Ka1 Ka4 63. Ka2 Kb4 64. Ka1 Ka4 1/2-1/2


[Site "https://www.chess.com"]

[Event "Titled Tuesday Blitz March 22 Early 2022"]
[White "Gulecyuz, Deniz"]
[Black "Miszler, Levente"]
[WhiteFideId "30921341"]
[BlackFideId "763276"]
[WhiteElo "1923"]
[BlackElo "1966"]
[Result "0-1"]
[Round "05"]
[TimeControl "180+1"]
[Date "2022.03.22"]
[WhiteClock "0:00:42"]
[BlackClock "0:01:43"]

1. Nf3 Nf6 2. g3 d5 3. Bg2 c5 4. c4 d4 5. e3 Nc6 6. O-O e5 7. exd4 exd4 8. Re1+ Be7 9. d3 O-O 10. Bg5 h6 11. Bxf6 Bxf6 12. Nbd2 Bf5 13. Ne4 Be7 14. Qb3 Qb6 15. Qxb6 axb6 16. a3 Rfe8 17. Rad1 Bg4 18. h3 Bh5 19. g4 Bg6 20. Ng3 Bd6 21. Nf5 Bxf5 22. gxf5 Bf4 23. Nd2 Rxe1+ 24. Rxe1 Bxd2 0-1


[Site "https://www.chess.com"]

[Event "Titled Tuesday Blitz March 22 Early 2022"]
[White "Guseva, Marina"]
[Black "Khamzin, Olzhas"]
[WhiteFideId "4149351"]
[BlackFideId "13701690"]
[WhiteElo "2160"]
[BlackElo "2194"]
[Result "0-1"]
[Round "05"]
[TimeControl "180+1"]
[Date "2022.03.22"]
[WhiteClock "0:00:10"]
[BlackClock "0:00:30"]

1. d4 Nf6 2. Nf3 e6 3. Bf4 d6 4. e3 Be7 5. h3 Nbd7 6. Nc3 a6 7. a4 c5 8. a5 Qc7 9. Be2 h6 10. O-O g5 11. Bh2 g4 12. hxg4 Nxg4 13. Bf4 h5 14. dxc5 Nxc5 15. b4 Nd7 16. Ne4 e5 17. Bg5 Ndf6 18. Nxf6+ Nxf6 19. Bh4 Bf5 20. c4 Rg8 21. Kh1 Rg4 22. g3 Be4 23. Kh2 O-O-O 24. Ng5 Bg6 25. f3 Rxh4+ 26. gxh4 e4 27. f4 d5 28. cxd5 Rxd5 29. Rc1 Rxd1 30. Rxc7+ Kxc7 31. Rxd1 Bxb4 32. Ra1 Bd2 33. Ra3 Nd5 34. Bc4 Nxe3 35. Bxf7 Ng4+ 36. Kg3 Be1+ 37. Kg2 Bxf7 38. Nxf7 Bxh4 39. Rh3 Be7 40. Rxh5 Bb4 41. Ne5 Nf6 42. Rf5 Nd5 43. Nc4 Kc6 44. Re5 Nxf4+ 45. Kg3 Nd3 46. Rxe4 Nc5 47. Rg4 Kb5 48. Rg5 Kxc4 49. Kf3 Kb5 0-1


[Site "https://www.chess.com"]

[Event "Titled Tuesday Blitz March 22 Early 2022"]
[White "Hamitevici, Vladimir"]
[Black "Schrik, Rachid"]
[WhiteFideId "13902393"]
[BlackFideId "1009818"]
[WhiteElo "2359"]
[BlackElo "2070"]
[Result "1-0"]
[Round "05"]
[TimeControl "180+1"]
[Date "2022.03.22"]
[WhiteClock "0:01:35"]
[BlackClock "0:00:20"]

1. b3 e5 2. Bb2 Nc6 3. c4 Nf6 4. e3 d5 5. cxd5 Nxd5 6. a3 a5 7. Qc2 Be6 8. Nf3 Bd6 9. Bb5 Bd7 10. Bxc6 Bxc6 11. Bxe5 Bxe5 12. Nxe5 Qg5 13. Nxc6 Qxg2 14. Rf1 O-O 15. Nd4 Rad8 16. Nc3 Nf4 17. O-O-O b5 18. Rg1 Qc6 19. Nxc6 1-0


[Site "https://www.chess.com"]

[Event "Titled Tuesday Blitz March 22 Early 2022"]
[White "Harish, Neeraj"]
[Black "Kashefi, Amir Hosein"]
[WhiteFideId "30958130"]
[BlackFideId "12557935"]
[WhiteElo "1574"]
[BlackElo "2107"]
[Result "0-1"]
[Round "05"]
[TimeControl "180+1"]
[Date "2022.03.22"]
[WhiteClock "0:00:07"]
[BlackClock "0:00:39"]

1. e4 c6 2. d4 d5 3. Nc3 dxe4 4. Nxe4 Nd7 5. Nf3 Ngf6 6. Nxf6+ Nxf6 7. Bd3 Bg4 8. Be3 e6 9. c3 Be7 10. h3 Bh5 11. g4 Bg6 12. Ne5 Nd7 13. Bxg6 hxg6 14. Qd2 Nxe5 15. dxe5 Qxd2+ 16. Bxd2 O-O-O 17. O-O-O Bc5 18. f4 Rd3 19. Kc2 Rdxh3 20. Rxh3 Rxh3 21. b4 Bb6 22. Rf1 Rh4 23. f5 gxf5 24. gxf5 Kd7 25. Rf3 exf5 26. Rxf5 Ke6 27. Rg5 g6 28. c4 Rxc4+ 29. Kb3 Rd4 30. Bc3 Rd1 31. Kc2 Rg1 32. Rxg1 Bxg1 33. Kd3 Kd5 34. a3 a6 35. a4 Bh2 36. Ke2 Bxe5 0-1


[Site "https://www.chess.com"]

[Event "Titled Tuesday Blitz March 22 Early 2022"]
[White "Hirneise, Jens"]
[Black "Samaganova, Aleksandra"]
[WhiteFideId "24614734"]
[BlackFideId "13800221"]
[WhiteElo "2359"]
[BlackElo "1859"]
[Result "1-0"]
[Round "05"]
[TimeControl "180+1"]
[Date "2022.03.22"]
[WhiteClock "0:00:27"]
[BlackClock "0:00:01"]

1. d4 Nf6 2. c4 e6 3. Nf3 b6 4. g3 Bb7 5. Bg2 Be7 6. O-O d5 7. Nc3 O-O 8. Ne5 Qc8 9. cxd5 exd5 10. Bg5 c6 11. e4 Rd8 12. exd5 cxd5 13. Rc1 Qe6 14. Re1 Qf5 15. h4 Bb4 16. g4 Qe6 17. Nd3 Qd6 18. Nb5 Qf8 19. Nxb4 Qxb4 20. Bxf6 gxf6 21. Nc7 Na6 22. Nxa8 Bxa8 23. b3 Qa3 24. Qd2 Qd6 25. Re3 Nb4 26. Rce1 Bc6 27. a3 Na6 28. b4 Nc7 29. g5 fxg5 30. Rg3 Ne6 31. hxg5 Nf4 32. Re5 Ng6 33. Rf5 Re8 34. Rf6 Qd7 35. Bh3 Qc7 36. Rc3 Ne7 37. b5 1-0


[Site "https://www.chess.com"]

[Event "Titled Tuesday Blitz March 22 Early 2022"]
[White "Hnydiuk, Aleksander"]
[Black "Weetik, Vjacheslav"]
[WhiteFideId "1109057"]
[BlackFideId "4153472"]
[WhiteElo "2374"]
[BlackElo "2469"]
[Result "1-0"]
[Round "05"]
[TimeControl "180+1"]
[Date "2022.03.22"]
[WhiteClock "0:00:37"]
[BlackClock "0:00:03"]

1. Nf3 Nf6 2. c4 g6 3. g3 Bg7 4. Bg2 O-O 5. d4 d6 6. Nc3 Nbd7 7. O-O e5 8. e4 a6 9. h3 Rb8 10. Qc2 b5 11. dxe5 dxe5 12. Rd1 Qe7 13. Nd5 Nxd5 14. cxd5 Nb6 15. b3 f5 16. Be3 Rf7 17. Rac1 f4 18. d6 cxd6 19. Bxb6 fxg3 20. Qc7 gxf2+ 21. Kf1 Qxc7 22. Bxc7 Ra8 23. Bxd6 Bxh3 24. Bxh3 Rxf3 25. Be6+ Kh8 26. Rc8+ Rxc8 27. Bxc8 h5 28. Bxa6 h4 29. Ke2 Rf4 30. Bb7 h3 31. Bc5 h2 32. Bxf2 1-0


[Site "https://www.chess.com"]

[Event "Titled Tuesday Blitz March 22 Early 2022"]
[White "Hoeffer, David"]
[Black "Baker, Chris W"]
[WhiteFideId "24606766"]
[BlackFideId "401676"]
[WhiteElo "2301"]
[BlackElo "2293"]
[Result "1-0"]
[Round "05"]
[TimeControl "180+1"]
[Date "2022.03.22"]
[WhiteClock "0:01:49"]
[BlackClock "0:00:02"]

1. e4 e5 2. Nf3 Nc6 3. Bb5 a6 4. Ba4 Nf6 5. O-O Be7 6. d3 b5 7. Bb3 O-O 8. a3 d6 9. h3 Be6 10. c3 Qd7 11. Be3 Bxb3 12. Qxb3 Na5 13. Qc2 c5 14. b4 Nc6 15. d4 cxd4 16. cxd4 Rac8 17. Qd3 exd4 18. Nxd4 Ne5 19. Qe2 Rfe8 20. Nd2 Bf8 21. Rfd1 Nc4 22. Bf4 Nxd2 23. Rxd2 Nxe4 24. Rc2 Rxc2 25. Qxc2 d5 26. Rd1 Bd6 27. Bxd6 Qxd6 28. Qc6 Qxc6 29. Nxc6 Nc3 30. Rd3 Ne2+ 31. Kh2 Nf4 32. Rd4 g5 33. g3 Ne6 34. Rxd5 Kg7 35. Rd6 Rc8 36. Ne7 Rc2 37. Kg2 Kf8 38. Nf5 Rc3 39. Rxa6 1-0


[Site "https://www.chess.com"]

[Event "Titled Tuesday Blitz March 22 Early 2022"]
[White "Horcajuelo Rocamora, Martin"]
[Black "Thomas, Anysia"]
[WhiteFideId "24573027"]
[BlackFideId "670472"]
[WhiteElo "1706"]
[BlackElo "2002"]
[Result "1-0"]
[Round "05"]
[TimeControl "180+1"]
[Date "2022.03.22"]
[WhiteClock "0:00:08"]
[BlackClock "0:00:09"]

1. e4 c5 2. Nf3 g6 3. d4 cxd4 4. Nxd4 Nc6 5. c4 Nf6 6. Nc3 d6 7. Be2 Nxd4 8. Qxd4 Bg7 9. Qd3 O-O 10. Be3 Be6 11. O-O Qa5 12. Rac1 Rfc8 13. b3 Ng4 14. Bxg4 Bxg4 15. f3 Be6 16. Rfd1 a6 17. Bd4 Bh6 18. Rc2 b5 19. cxb5 axb5 20. g3 Bg7 21. Bxg7 Kxg7 22. Qd4+ Kg8 23. Rdd2 b4 24. Ne2 Rxc2 25. Rxc2 Rc8 26. Rxc8+ Bxc8 27. Qd2 Ba6 28. Nf4 Qc5+ 29. Kg2 Qb5 30. Qc1 Kg7 31. Qb2+ Kg8 32. Qc1 e5 33. Nd5 Qe2+ 34. Kg1 Qxf3 35. Qe1 Bd3 36. h4 Bxe4 37. Qxe4 Qxe4 38. Nf6+ Kg7 39. Nxe4 d5 40. Nc5 f5 41. Na6 Kf6 42. Nxb4 d4 43. a4 e4 44. Kf2 Ke5 45. a5 e3+ 46. Ke2 f4 47. gxf4+ Kxf4 48. a6 Ke4 49. a7 d3+ 50. Nxd3 1-0


[Site "https://www.chess.com"]

[Event "Titled Tuesday Blitz March 22 Early 2022"]
[White "Indjic, Aleksandar"]
[Black "Topalov, Aleksandar"]
[WhiteFideId "911925"]
[BlackFideId "925659"]
[WhiteElo "2616"]
[BlackElo "2158"]
[Result "1-0"]
[Round "05"]
[TimeControl "180+1"]
[Date "2022.03.22"]
[WhiteClock "0:02:17"]
[BlackClock "0:00:28"]

1. d4 Nf6 2. c4 c5 3. d5 d6 4. Nc3 g6 5. e4 Bg7 6. Bd3 O-O 7. Nf3 e6 8. h3 Na6 9. Be3 Nc7 10. a4 e5 11. Nd2 Nh5 12. g3 Qf6 13. Nf3 h6 14. Be2 Bd7 15. Nh2 Bxh3 16. Ng4 Bxg4 17. Bxg4 Nf4 18. gxf4 exf4 19. Bd2 h5 20. Bxh5 gxh5 21. Qxh5 Rfe8 22. O-O-O a6 23. Rdg1 b5 24. Qh8# 1-0


[Site "https://www.chess.com"]

[Event "Titled Tuesday Blitz March 22 Early 2022"]
[White "Ismayil, Malak"]
[Black "Lakshmi C"]
[WhiteFideId "13412604"]
[BlackFideId "25035347"]
[WhiteElo "1879"]
[BlackElo "1775"]
[Result "1-0"]
[Round "05"]
[TimeControl "180+1"]
[Date "2022.03.22"]
[WhiteClock "0:00:56"]
[BlackClock "0:00:02"]

1. e4 g6 2. d4 Bg7 3. Nc3 c5 4. dxc5 Qa5 5. Bd2 Qxc5 6. Bd3 a6 7. Nf3 Nf6 8. O-O d6 9. h3 O-O 10. a3 Be6 11. Be3 Qc7 12. Nd4 Bc4 13. Qe2 b5 14. Bxc4 bxc4 15. Bg5 e6 16. Rad1 Nbd7 17. Nf3 Rab8 18. Bc1 Rfd8 19. Rd4 Nb6 20. Rfd1 Rbc8 21. Bg5 h6 22. Bh4 Rd7 23. Bg3 Ne8 24. e5 d5 25. h4 Qc5 26. h5 g5 27. Nh2 Rb7 28. f4 Nd7 29. fxg5 hxg5 30. Ng4 f5 31. exf6 Ndxf6 32. Qxe6+ Kh8 33. h6 Re7 34. hxg7+ Kh7 35. Nxf6+ Nxf6 36. Qxf6 1-0


[Site "https://www.chess.com"]

[Event "Titled Tuesday Blitz March 22 Early 2022"]
[White "Jannatul, Ferdous"]
[Black "Kotepalli, Sai Nirupama"]
[WhiteFideId "10212590"]
[BlackFideId "5039444"]
[WhiteElo "1707"]
[BlackElo "2388"]
[Result "0-1"]
[Round "05"]
[TimeControl "180+1"]
[Date "2022.03.22"]
[WhiteClock "0:00:21"]
[BlackClock "0:00:36"]

1. e4 c5 2. Nf3 e6 3. d4 cxd4 4. Nxd4 Nf6 5. Nc3 Nc6 6. a3 d5 7. exd5 Nxd5 8. Nxd5 Qxd5 9. Be3 Be7 10. c4 Qd7 11. Be2 Bf6 12. Nxc6 Qxc6 13. Bf3 Qxc4 14. Rc1 Qb5 15. Qd6 Be7 16. Qc7 Qd7 17. Bf4 O-O 18. Bxb7 Qxc7 19. Rxc7 Bxb7 20. Rxb7 Bf6 21. O-O Rfc8 22. Rc1 h6 23. Rcc7 Rxc7 24. Bxc7 a5 25. b3 a4 26. b4 Bb2 27. b5 Bxa3 28. b6 Bc5 29. Be5 a3 30. Ba1 a2 31. h3 f6 32. Kf1 Kh7 33. Ke2 Kg6 34. f3 Ra6 35. Kd3 Rxb6 36. Rxb6 Bxb6 37. Kc4 e5 38. Kb3 Bd4 39. Kxa2 Bxa1 40. Kxa1 Kf5 41. Kb2 Kf4 42. Kc2 Kg3 43. Kd3 Kxg2 44. Ke4 Kxh3 45. Kf5 Kg3 46. Kg6 Kxf3 47. Kxg7 e4 48. Kxf6 e3 49. Kg6 e2 50. Kxh6 e1=Q 51. Kg6 Qe5 52. Kf7 Qd6 53. Kg8 Qe7 54. Kh8 Kg4 55. Kg8 Kg5 56. Kh8 Kg6 57. Kg8 Qe8# 0-1


[Site "https://www.chess.com"]

[Event "Titled Tuesday Blitz March 22 Early 2022"]
[White "Jary, Sergey"]
[Black "Devaev, Alexander"]
[WhiteFideId "14110350"]
[BlackFideId "4169395"]
[WhiteElo "2260"]
[BlackElo "2185"]
[Result "1-0"]
[Round "05"]
[TimeControl "180+1"]
[Date "2022.03.22"]
[WhiteClock "0:01:10"]
[BlackClock "0:00:03"]

1. e4 c6 2. d4 d5 3. Nd2 dxe4 4. Nxe4 Nf6 5. Ng3 Bg4 6. Nf3 Nbd7 7. Be2 e6 8. O-O Bd6 9. h3 Bxf3 10. Bxf3 Qc7 11. Ne2 O-O 12. g3 Rad8 13. c3 e5 14. Bg2 exd4 15. Nxd4 Be5 16. Nf5 Nc5 17. Qc2 Rfe8 18. Bg5 h6 19. Be3 Ncd7 20. Rad1 Nf8 21. b4 a6 22. a4 Ne6 23. c4 Nf8 24. c5 Qb8 25. Rxd8 Rxd8 26. f4 Bc7 27. Kh2 Ne6 28. Rb1 Qc8 29. Ne7+ 1-0


[Site "https://www.chess.com"]

[Event "Titled Tuesday Blitz March 22 Early 2022"]
[White "Jaskolka, Tomasz"]
[Black "Bongo Akanga Ndjila, Barthelemy"]
[WhiteFideId "1170791"]
[BlackFideId "10609431"]
[WhiteElo "2073"]
[BlackElo "1803"]
[Result "0-1"]
[Round "05"]
[TimeControl "180+1"]
[Date "2022.03.22"]
[WhiteClock "0:00:12"]
[BlackClock "0:00:10"]

1. d4 d6 2. Nc3 g6 3. e4 Bg7 4. Bf4 Nd7 5. Nf3 e5 6. dxe5 dxe5 7. Bg5 Bf6 8. Be3 Ne7 9. Bc4 O-O 10. h4 Nb6 11. Bb3 a5 12. a4 Bg4 13. Qe2 Nc6 14. Nd5 Nxd5 15. Bxd5 Nd4 16. Bxd4 exd4 17. Qd3 c6 18. Bb3 Qd6 19. Kf1 c5 20. Re1 Rae8 21. Bd5 b6 22. b3 Bg7 23. g3 Be6 24. Bxe6 Rxe6 25. Kg2 Rfe8 26. h5 Qc6 27. hxg6 hxg6 28. Ng5 Re5 29. f4 R5e7 30. Qc4 Bf6 31. Nh7 Kg7 32. Nxf6 Kxf6 33. Kf2 Rxe4 34. Rxe4 Qxe4 35. Rf1 Qe3+ 36. Kg2 Qe2+ 37. Rf2 Qxc4 38. bxc4 Re3 39. g4 Rc3 40. Re2 Rxc4 41. Re8 Rxc2+ 42. Kf3 Ra2 43. Rb8 Rb2 44. Ke4 Rb4 45. g5+ Kg7 46. Rd8 Rxa4 47. f5 gxf5+ 48. Kxf5 Ra3 49. Rd7 Rf3+ 50. Ke4 Re3+ 51. Kf4 Re6 52. Kf5 Rg6 53. Rd8 a4 54. Ra8 Rd6 55. Rxa4 d3 56. Ra1 d2 57. Rd1 c4 58. Ke4 c3 59. Ke3 c2 60. Rh1 d1=Q 61. Rh3 c1=Q+ 62. Kf2 Qf1+ 63. Kg3 Qe3+ 64. Kh4 Qfxh3# 0-1


[Site "https://www.chess.com"]

[Event "Titled Tuesday Blitz March 22 Early 2022"]
[White "Jeet, Jain"]
[Black "Dinu, Dumitru-Daniel"]
[WhiteFideId "5073022"]
[BlackFideId "1208403"]
[WhiteElo "2085"]
[BlackElo "2240"]
[Result "1-0"]
[Round "05"]
[TimeControl "180+1"]
[Date "2022.03.22"]
[WhiteClock "0:00:54"]
[BlackClock "0:00:17"]

1. d4 Nf6 2. Nf3 c5 3. e3 cxd4 4. exd4 g6 5. Bf4 Bg7 6. Be2 O-O 7. h3 d5 8. O-O Nc6 9. c3 Bf5 10. Qb3 Na5 11. Qa4 a6 12. Nbd2 b5 13. Qa3 Qb6 14. b4 Nb7 15. Qb2 Rac8 16. Nb3 Ne4 17. Nc5 a5 18. a3 axb4 19. axb4 Ra8 20. Ne5 Bxe5 21. Bxe5 Nbd6 22. f3 Ng5 23. h4 Ne6 24. Nd7 Qc7 25. Nxf8 Rxa1 26. Rxa1 Nxf8 27. Bxb5 f6 28. Bg3 Ne6 29. Be2 h5 30. b5 Qb6 31. Ra6 Qc7 32. b6 Qb8 33. Bxd6 exd6 34. b7 Nc7 35. Rc6 Ne8 36. Qb6 Kf8 37. c4 Be6 38. c5 Bd7 39. Rxd6 Ke7 40. Rxd7+ Kxd7 41. Bb5+ Ke7 42. Bxe8 Kxe8 43. Qc6+ Kf7 44. Qxd5+ Kg7 45. Qd7+ Kh6 46. Qc8 Qg3 47. Qh8# 1-0


[Site "https://www.chess.com"]

[Event "Titled Tuesday Blitz March 22 Early 2022"]
[White "Johnson, Ben"]
[Black "Van den Dikkenberg, Erik"]
[WhiteFideId "2010917"]
[BlackFideId "1005880"]
[WhiteElo "2202"]
[BlackElo "2118"]
[Result "1-0"]
[Round "05"]
[TimeControl "180+1"]
[Date "2022.03.22"]
[WhiteClock "0:00:49"]
[BlackClock "0:01:51"]

1. Nf3 c5 2. c4 Nc6 3. e3 g6 4. d4 Bg7 5. d5 Ne5 6. Nxe5 Bxe5 7. Nc3 d6 8. f4 Bg7 9. e4 a6 10. Be3 Qa5 11. Qd2 Nf6 12. Bd3 O-O 13. O-O Ng4 14. e5 Nxe3 15. Qxe3 b5 16. Kh1 bxc4 17. Bxc4 Bf5 18. b3 Rab8 19. h3 Rfe8 20. g4 Bc8 21. Rac1 Bb7 22. Kh2 dxe5 23. fxe5 Qc7 24. Rce1 f6 25. d6+ 1-0


[Site "https://www.chess.com"]

[Event "Titled Tuesday Blitz March 22 Early 2022"]
[White "Jumabayev, Rinat"]
[Black "Gabrielian, Artur"]
[WhiteFideId "13702661"]
[BlackFideId "4131002"]
[WhiteElo "2561"]
[BlackElo "2440"]
[Result "1-0"]
[Round "05"]
[TimeControl "180+1"]
[Date "2022.03.22"]
[WhiteClock "0:00:10"]
[BlackClock "0:00:01"]

1. d4 Nf6 2. Nf3 g6 3. Bf4 Bg7 4. e3 O-O 5. Be2 d6 6. h3 b6 7. c4 Bb7 8. Qc2 Ne4 9. d5 Nc5 10. Nc3 a5 11. e4 Nbd7 12. Be3 e5 13. g4 c6 14. h4 cxd5 15. cxd5 Rc8 16. h5 Ba6 17. Bxa6 Nxa6 18. Qe2 Nac5 19. Nd2 Qe7 20. Rh3 Bf6 21. Nf3 b5 22. g5 Bg7 23. Nxb5 Nxe4 24. Na7 Ndc5 25. Nxc8 Rxc8 26. Kf1 Qd7 27. Rh4 Qf5 28. Rc1 Rb8 29. b3 Nd3 30. Rc4 Nec5 31. Nd2 e4 32. hxg6 fxg6 33. Bxc5 Nxc5 34. Nxe4 Nxe4 35. Rcxe4 Qxg5 36. Re8+ Rxe8 37. Qxe8+ Bf8 38. Qe6+ Kg7 39. Qd7+ Be7 40. Re4 Kf8 41. Qc8+ Kg7 42. Qc3+ Kf7 43. Qxa5 Qf5 44. Qe1 Bf6 45. Qe3 h5 46. Kg2 h4 47. Qf4 h3+ 48. Kg1 Qh5 49. Qg4 Qxd5 50. Re3 Be5 51. Rxh3 1-0


[Site "https://www.chess.com"]

[Event "Titled Tuesday Blitz March 22 Early 2022"]
[White "Kanyamarala, Tarun"]
[Black "Rosenberg, Evan S"]
[WhiteFideId "45004714"]
[BlackFideId "2019299"]
[WhiteElo "2075"]
[BlackElo "2295"]
[Result "1-0"]
[Round "05"]
[TimeControl "180+1"]
[Date "2022.03.22"]
[WhiteClock "0:00:40"]
[BlackClock "0:00:13"]

1. d4 Nf6 2. Bg5 c5 3. Bxf6 exf6 4. d5 f5 5. Nf3 d6 6. g3 Be7 7. Bg2 O-O 8. O-O Qb6 9. Qc1 Na6 10. Nbd2 Qd8 11. a4 Nb4 12. Ne1 f4 13. gxf4 Bf5 14. Nd3 Nxd3 15. cxd3 Rb8 16. Nc4 Qd7 17. e4 Bh3 18. Qe3 Bxg2 19. Kxg2 Rfe8 20. Rg1 Bf6 21. Qh3 Qxh3+ 22. Kxh3 Red8 23. Rab1 b6 24. b4 g6 25. b5 Bd4 26. Kg2 Rb7 27. Kf3 Re7 28. Rb3 Kf8 29. a5 Rb7 30. axb6 axb6 31. Ra3 Ke7 32. Rb1 Kd7 33. Ra6 Kc7 34. Rb3 h5 35. Rba3 f6 36. Ra8 Rdb8 37. Rxb8 Rxb8 38. Ra7+ Rb7 39. Rxb7+ Kxb7 40. Nxd6+ Kc7 41. Nc4 g5 42. fxg5 fxg5 43. e5 g4+ 44. Kg2 h4 45. f3 gxf3+ 46. Kxf3 h3 47. Kg3 Bxe5+ 48. Nxe5 Kd6 49. Nc4+ Kxd5 50. Nxb6+ Kd4 51. Nd7 Kxd3 52. Nxc5+ Kc4 53. b6 1-0


[Site "https://www.chess.com"]

[Event "Titled Tuesday Blitz March 22 Early 2022"]
[White "Kanyamarala, Trisha"]
[Black "Sanchez Alvares, Kelvin Antonio"]
[WhiteFideId "45004722"]
[BlackFideId "3906680"]
[WhiteElo "2047"]
[BlackElo "2193"]
[Result "0-1"]
[Round "05"]
[TimeControl "180+1"]
[Date "2022.03.22"]
[WhiteClock "0:00:01"]
[BlackClock "0:00:20"]

1. d4 d5 2. c4 c6 3. Nc3 Nf6 4. cxd5 cxd5 5. Nf3 Nc6 6. Bf4 Bf5 7. e3 e6 8. Be2 Bb4 9. O-O O-O 10. a3 Bxc3 11. bxc3 Na5 12. Ne5 Nd7 13. Qa4 Nxe5 14. Bxe5 Rc8 15. Rfc1 a6 16. Bf4 Nc4 17. Qb4 Qd7 18. a4 Rc6 19. a5 Rfc8 20. Bd1 b5 21. axb6 Rxb6 22. Qa4 Qxa4 23. Bxa4 h6 24. Bc2 Bxc2 25. Rxc2 a5 26. e4 dxe4 27. h4 Ra6 28. Ra4 Nb6 29. Raa2 a4 30. Bc1 Nc4 31. Ba3 f6 32. Bc5 Rb8 33. Kf1 a3 34. Ke2 Rb2 35. Kd1 Rb1+ 36. Rc1 Rxc1+ 37. Kxc1 Kf7 38. Kc2 e5 39. Kb3 Na5+ 40. Kb4 Nb7 41. Kb5 Nxc5 42. dxc5 Ra8 43. c6 Ke6 44. Kb6 Rb8+ 45. Kc7 Rb3 46. c4 Rc3 47. c5 Rxc5 48. Rxa3 Kd5 49. Ra6 f5 50. Kb7 f4 51. c7 e3 52. fxe3 fxe3 0-1


[Site "https://www.chess.com"]

[Event "Titled Tuesday Blitz March 22 Early 2022"]
[White "Karthikeyan, Murali"]
[Black "Moskalenko, Alexander"]
[WhiteFideId "5074452"]
[BlackFideId "4155351"]
[WhiteElo "2579"]
[BlackElo "2475"]
[Result "1-0"]
[Round "05"]
[TimeControl "180+1"]
[Date "2022.03.22"]
[WhiteClock "0:00:03"]
[BlackClock "0:00:03"]

1. e4 c5 2. Nf3 e6 3. d4 cxd4 4. Nxd4 a6 5. c4 Nf6 6. Nc3 Qc7 7. a3 b6 8. Be3 Bb7 9. f3 d6 10. Be2 Nbd7 11. Rc1 Be7 12. O-O O-O 13. Qd2 Rac8 14. Rfd1 Qb8 15. b4 Rfe8 16. Bf1 Bd8 17. Nb3 Bc7 18. Bf4 Ne5 19. Bxe5 dxe5 20. Qe3 Red8 21. Be2 h6 22. Kf1 g5 23. Na4 Bc6 24. b5 axb5 25. cxb5 Rxd1+ 26. Rxd1 Be8 27. Rc1 Bd8 28. Rxc8 Qxc8 29. Nxb6 Qb8 30. Na4 Bxb5 31. Nac5 Be8 32. Qc3 Nd7 33. Nd3 Qd6 34. a4 Bb6 35. a5 Ba7 36. Qc8 Nf6 37. Qb7 Be3 38. a6 Bc6 39. Qb4 Qc7 40. Qc3 Ba7 41. Nxe5 Qb6 42. Qc5 Qxb3 43. Qxa7 Bxe4 44. Qd4 Qb1+ 45. Kf2 Bd5 46. a7 Qa2 47. Qb6 g4 48. Qc7 Be4 49. Qxf7+ Kh8 50. Qxf6+ Kh7 51. Qf7+ Kh8 52. fxe4 g3+ 53. Kxg3 Qa3+ 54. Kh4 Qxa7 55. Ng6# 1-0


[Site "https://www.chess.com"]

[Event "Titled Tuesday Blitz March 22 Early 2022"]
[White "Khamdamova, Afruza"]
[Black "Pinheiro, Iung Alicio de O."]
[WhiteFideId "14210444"]
[BlackFideId "2104350"]
[WhiteElo "1660"]
[BlackElo "2524"]
[Result "0-1"]
[Round "05"]
[TimeControl "180+1"]
[Date "2022.03.22"]
[WhiteClock "0:00:06"]
[BlackClock "0:00:51"]

1. e4 c5 2. Nf3 Nc6 3. d4 cxd4 4. Nxd4 Nf6 5. Nc3 e5 6. Ndb5 d6 7. Nd5 Nxd5 8. exd5 Nb8 9. c4 Be7 10. Bd3 O-O 11. O-O Nd7 12. b4 a6 13. Nc3 a5 14. Ba3 axb4 15. Bxb4 f5 16. Nb5 e4 17. Bc2 Ne5 18. Bb3 Kh8 19. Bc3 Bf6 20. Rc1 f4 21. Bxe5 Bxe5 22. c5 f3 23. Re1 Qh4 24. h3 Bxh3 0-1


[Site "https://www.chess.com"]